 Dungeon Crawl Stone Soup version 0.23-a0-573-g25f4479 (webtiles) character file.

7 AverageBear the Vexing (level 1, 0/13 HPs)
             Began as a Vampire Enchanter on Dec 13, 2018.
             Slain by a goblin
             ... wielding a +0 short sword
              (6 damage)
             ... on level 1 of the Dungeon.
             The game lasted 00:00:18 (157 turns).

AverageBear the Vexing (Vampire Enchanter)           Turns: 157, Time: 00:00:19

Health: 0/13       AC:  2    Str:  7    XL:     1   Next: 83%
Magic:  3/3        EV: 12    Int: 17    God:
Gold:   8          SH:  0    Dex: 14    Spells: 3/4 levels left

rFire    . . .     SeeInvis +   a - +1 dagger
rCold    . . .     Gourm    .   (no shield)
rNeg     + . .     Faith    .   b - +0 robe
rPois    .         Spirit   .   (no helmet)
rElec    .         Reflect  .   (no cloak)
rCorr    .         Harm     .   (no gloves)
MR       .....                  (no boots)
Stlth    +++.......             (no amulet)
HPRegen  0.04/turn              (no ring)
MPRegen  0.08/turn              (no ring)

@: no status effects
A: fangs 3, see invisible, unbreathing
a: no special abilities


You were on level 1 of the Dungeon.
You were not thirsty.

You visited 1 branch of the dungeon, and saw 1 of its levels.

You collected 8 gold pieces.

Inventory:

Hand Weapons
 a - a +1 dagger (weapon)
Armour
 b - a +0 robe (worn)
Scrolls
 c - a scroll of remove curse {unknown}
Potions
 d - 5 potions of blood


   Skills:
 + Level 2.1 Short Blades
 - Level 2.1 Dodging
 - Level 4.4 Stealth
 - Level 2.0 Spellcasting
 - Level 4.4 Hexes


You had 3 spell levels left.
You knew the following spells:

 Your Spells              Type           Power        Failure   Level  Hunger
a - Corona                Hex            ###....      3%          1    #......

Your spell library contained the following spells:

 Spells                   Type           Power        Failure   Level  Hunger
 Confuse                  Hex            ###.....     10%         3    ###....
 Tukima's Dance           Hex            ###.....     10%         3    ###....
 Ensorcelled Hibernation  Hex/Ice        #.....       12%         2    ###....
 Dazzling Spray           Conj/Hex       #.....       24%         3    ###....


Dungeon Overview and Level Annotations

Branches:
Dungeon (1/15)

Altars:


Innate Abilities, Weirdness & Mutations

You have razor-sharp teeth.
You have supernaturally acute eyesight. (SInv)
You can survive without breathing.


Message History

You start resting.
The rat is too close now for your liking.
You are too injured to fight recklessly!
You strike the helpless rat from behind!
You puncture the rat!
You kill the rat!
Things that are here:
a cursed +0 dagger; a kobold corpse Drinking blood from a kobold corpse.
This warm blood tastes delicious!
You feel a lot less thirsty.
Things that are here:
a cursed +0 dagger; a kobold skeleton A goblin comes into view.
It is wielding a +0 short sword.
You see here 8 gold pieces.
You now have 8 gold pieces.
The goblin shouts!
You hit the goblin. You bite the goblin, but do no damage.
The goblin is moderately wounded.
The goblin hits you with a +0 short sword.
You die...

#.#.# ....##
.#..##......
..........
##.#.....##
##...)..... ..
##..#.....
#...##.....g.#
#......##.@.#
#.##...# #.#....#
##..###.)....#
#............###
..######.......##
#########.รท.....#
..#.....(....#.....#
#.#................#


You could see a goblin.

Vanquished Creatures
  A goblin (D:1)
  A kobold (D:1)
  A bat (D:1)
  3 frilled lizards (D:1)
  2 rats (D:1)
8 creatures vanquished.

Notes
Turn   | Place    | Note
-------+----------+-------------------------------------------
     0 | D:1      | AverageBear the Vampire Enchanter began the quest for the
                  | Orb.
     0 | D:1      | Reached XP level 1. HP: 13/13 MP: 3/3
   157 | D:1      | Slain by a goblin

Vault maps used:
D:1:      evilmike_arrival_rings, minmay_tripent

Skill      XL: |  1 |
---------------+----+-----
Short Blades   | 2 |  2.1
Dodging        | |  2.1
Stealth        | |  4.4
Spellcasting   | |  2.0
Hexes          | |  4.4

Action                   || total
-------------------------++-------
Melee: Dagger            ||    19
       Bite              ||     4
 Stab: Distracted        ||     1
  Eat: Corpse            ||     1
Armor: Robe              ||     3
Dodge: Dodged            ||     3

Table legend:
 A = Non-vault XP
 B = Vault XP
 C = Vault XP percentage of total XP
 D = Non-vault monster count
 E = Vault monster count
 F = Vault count percentage of total count
                 A         B        C        D         E       F
            +---------+---------+-------+---------+---------+-------
      Total |      10 |       0 |   0.0 |       8 |       0 |   0.0
            +---------+---------+-------+---------+---------+-------
        D:1 |      10 |       0 |   0.0 |       8 |       0 |   0.0
            +---------+---------+-------+---------+---------+-------
